 Dungeon Crawl Stone Soup version 0.18.1-47-g9310371 (webtiles) character file.

102 sarahorange the Charlatan (level 4, -3/36 HPs)
             Began as a Draconian Artificer on June 17, 2016.
             Killed by divine providence
             ... invoked by an orc priest
              (15 damage)
             ... on level 3 of the Dungeon.
             The game lasted 00:25:26 (3047 turns).

sarahorange the Charlatan (Draconian Artificer)     Turns: 3047, Time: 00:25:28

Health: -3/36      AC:  7    Str: 15    XL:     4   Next: 50%
Magic:  6/6        EV: 12    Int: 12    God:
Gold:   38         SH:  0    Dex: 11    Spells: 0 memorised, 3 levels left

rFire  . . .     SeeInvis .     a - +0 short sword
rCold  . . .     Gourm    .     (armour unavailable)
rNeg   . . .     Faith    .     (no shield)
rPois  .         Spirit   .     (helmet restricted)
rElec  .         Dismiss  .     (no cloak)
rCorr  .         Reflect  .     (no gloves)
SustAt .         Harm     .     h - +1 pair of boots
MR     .....                    (no amulet)
Stlth  +.........               (no ring)
                                (no ring)

@: not resistant to hostile enchantments, very unstealthy
A: unfitting armour, cold-blooded, AC +5
a: no special abilities


You were on level 3 of the Dungeon.
You were not hungry.

You visited 1 branch of the dungeon, and saw 3 of its levels.

You collected 38 gold pieces.

Inventory:

Hand Weapons
 a - a +0 short sword (weapon)
Missiles
 g - 84 stones (quivered)
Armour
 h - a +1 pair of boots (worn)
Wands
 b - a wand of flame (7/48)
 c - a wand of enslavement (14/24)
 d - a wand of random effects (15/48)
Scrolls
 i - a scroll of immolation {unknown}
 j - a scroll of enchant armour {unknown}
 l - 2 scrolls of remove curse {unknown}
 o - a scroll of identify
Potions
 e - a potion of might {unknown}
 k - 2 potions of brilliance {unknown}
 n - 2 potions of curing
 p - a potion of flight {unknown}
 q - a potion of lignification {unknown}
Comestibles
 f - a bread ration
 m - a chunk of flesh


   Skills:
 + Level 2.0 Fighting
 + Level 1.6 Short Blades
 + Level 1.7 Throwing
 + Level 2.5 Dodging
 + Level 1.0 Stealth
 + Level 3.7 Evocations


You had 3 spell levels left.
You didn't know any spells.

Dungeon Overview and Level Annotations

Branches:
Dungeon (3/15)

Altars:
Elyvilon
Fedhas
Yredelemnul
Zin


Innate Abilities, Weirdness & Mutations

Your plain brown scales are hard (AC +5).
Your body does not fit into most forms of armour.
You are cold-blooded and may be slowed by cold attacks.


Message History

You hit the orc.
The orc is almost dead.
The orc hits you but does no damage. The orc priest hits you with a club.
The orc barely misses you.
You hit the orc.
You kill the orc!
The orc priest hits you but does no damage.
The orc barely misses you.
You closely miss the orc. The orc hits you but does no damage.
The orc misses you.
The orc priest calls down the wrath of Beogh upon you.
Beogh smites you!
You hit the orc.
The orc is lightly wounded.
The orc hits you but does no damage.
The giant newt bites you but does no damage.
The orc barely misses you.
The orc priest invokes the aid of Beogh against you.
Beogh smites you!
You die...

#########
........#
......l.#
......o@#
......oo#
......(##
.......
.......
....(..
...(###
.##.


You could see an orc priest, 2 orcs and a giant newt.

Vanquished Creatures
  Robin (D:2)
  2 adders
  2 oozes (D:1)
  2 worms
  A dart slug (D:1)
  2 giant geckos (D:1)
  An orc (D:3)
  8 bats
  A giant cockroach (D:2)
  11 goblins
  7 hobgoblins
  2 giant newts
  8 kobolds
  4 rats (D:1)
52 creatures vanquished.

Notes
Turn   | Place    | Note
--------------------------------------------------------------
     0 | D:1      | sarahorange the Draconian Artificer began the quest for the Orb.
     0 | D:1      | Reached XP level 1. HP: 16/16 MP: 3/3
   237 | D:1      | Reached XP level 2. HP: 2/23 MP: 4/4
   728 | D:1      | Reached XP level 3. HP: 10/28 MP: 5/5
  1424 | D:1      | Reached skill level 1 in Throwing
  1760 | D:2      | Reached XP level 4. HP: 24/36 MP: 6/6
  2070 | D:2      | Found a blossoming altar of Fedhas.
  2123 | D:2      | Found a basalt altar of Yredelemnul.
  2123 | D:2      | Found a glowing silver altar of Zin.
  2125 | D:2      | Found a white marble altar of Elyvilon.
  2520 | D:2      | Noticed Robin
  2539 | D:2      | Killed Robin
  2539 | D:2      | Reached skill level 1 in Stealth
  3047 | D:3      | Killed from afar by an orc priest

Skill      XL: |  1  2  3  4 |
---------------+-------------+-----
Dodging        | 2 |  2.5
Throwing       | 1 |  1.7
Fighting       | 2 |  2.0
Stealth        | 1 |  1.0
Short Blades   | |  1.6
Evocations     | |  3.7

Action                   |  1- 3 |  4- 6 || total
-------------------------+-------+-------++-------
Melee: Short sword       |   125 |    42 ||   167
       Tailslap          |    12 |     6 ||    18
Throw: Stone             |    83 |    26 ||   109
Evoke: Wand              |     6 |     3 ||     9
  Use: Scroll            |     1 |       ||     1
  Eat: Chunk             |     3 |     1 ||     4
       Bread ration      |       |     1 ||     1
Armor: Skin              |    40 |    16 ||    56
Dodge: Dodged            |    85 |    25 ||   110
